 Dungeon Crawl Stone Soup version 0.27-a0-46-g34d46f0a3f (webtiles) character file.

Game seed: 6619279551686471357

2555 Borgoz the Grappler (level 9, -2/81 HPs)
             Began as a Ghoul Gladiator on Jan 6, 2021.
             Slain by a gnoll
             ... wielding a +0 whip
              (7 damage)
             ... on level 6 of the Dungeon.
             The game lasted 00:07:44 (5661 turns).

Borgoz the Grappler (Ghoul Gladiator)               Turns: 5661, Time: 00:07:44

Health: -2/81      AC:  7    Str: 20    XL:     9   Next: 56%
Magic:  8/8        EV: 15    Int:  3    God:
Gold:   313        SH:  0    Dex: 11    Spells: 8/8 levels left

rFire    . . .     SeeInvis .     - Unarmed
rCold    + . .     Faith    .   (no shield)
rNeg     + + +     Spirit   .   a - +0 leather armour
rPois    ∞         Reflect  .   b - +0 helmet
rElec    .         Harm     .   q - +1 cloak
rCorr    .         Rampage  .   (no gloves)
Will     .....                  d - +0 pair of boots
Stlth    ++........             (no amulet)
HPRegen  0.00/turn              m - ring of stealth
MPRegen  0.11/turn              (no ring)

@: about to teleport
A: claws 1, cold resistance 1, negative energy resistance 3, inhibited
regeneration, torment resistance, unbreathing
a: no special abilities


You were on level 6 of the Dungeon.
You visited 2 branches of the dungeon, and saw 8 of its levels.

You collected 313 gold pieces.

Inventory:

Missiles
 c - 3 throwing nets (quivered)
Armour
 a - a +0 leather armour (worn)
 b - a +0 helmet (worn)
 d - a +0 pair of boots (worn)
 q - a +1 cloak (worn)
Jewellery
 m - a ring of stealth (left claw)
Wands
 j - a wand of flame (32)
Scrolls
 g - a scroll of teleportation
 h - 3 scrolls of remove curse
 k - a scroll of identify
 o - a scroll of magic mapping
 p - a scroll of blinking
Potions
 f - 3 potions of flight
 l - 2 potions of brilliance


   Skills:
 + Level 8.3 Fighting
 - Level 1.7 Throwing
 + Level 7.2 Dodging
 + Level 8.7 Unarmed Combat


You had 8 spell levels left.
You didn't know any spells.
Your spell library was empty.

Dungeon Overview and Level Annotations

Branches:
Dungeon (7/15)             Temple (1/1) D:7

Altars:
Ashenzari
Cheibriados
Dithmenos
Elyvilon
Fedhas
Gozag
Hepliaklqana
Kikubaaqudgha
Makhleb
Nemelex Xobeh
Okawaru
Qazlal
Ru
Sif Muna
Trog
Uskayaw
Vehumet
Wu Jian
Xom
Yredelemnul
Zin
The Shining One

Shops:
D:5 *(


Innate Abilities, Weirdness & Mutations

You thrive by killing the living.
You are immune to poison.
You have sharp fingernails.
Your flesh is cold resistant. (rC+)
You are immune to negative energy. (rN+++)
You do not regenerate when monsters are visible.
You are immune to unholy pain and torment.
You can survive without breathing.


Message History

You scratch the gnoll.
The gnoll is severely wounded.
The gnoll hits you with a +0 spear.
* * * LOW HITPOINT WARNING * * *
The gnoll barely misses you.
The gnoll hits you from afar with a +0 spear!
* * * LOW HITPOINT WARNING * * *
You fade into invisibility!
The gnoll completely misses you. x2
You are very lightly contaminated with residual magic.
It was a potion of cancellation.
Your magical effects are unravelling.
You feel magically purged.
Your magical contamination has completely faded away.
You flicker back into view.
The gnoll misses you. The gnoll barely misses you.
As you read the scroll of teleportation, it crumbles to dust.
You feel strangely unstable. The gnoll closely misses you.
The gnoll hits you with a +0 whip!
You die...

..(.#'###≈≈....
#############......#.≈≈≈....
#8..8#......#....###.≈≈≈....
+....'..8#))##''##.#.≈≈≈....
+....'.g8#†.)......#.≈≈≈....
#....#..g)gg)).....#.≈≈≈..P.
#....#########')##.#.≈≈≈....
#....#....#.#g...###.≈≈≈....
#....###.##@#......#.≈≈≈....
#....#.....)gg...#'###≈≈....
######''''#############...#≈≈P...
......................#...#≈≈....
≈≈≈≈≈≈....≈≈≈≈≈≈≈≈≈≈≈≈#####≈≈....
≈≈≈≈≈≈....≈≈≈≈≈≈≈≈≈≈≈≈≈≈≈≈≈≈≈....
≈≈≈≈≈≈....≈≈≈≈≈≈≈≈≈≈≈≈≈≈≈≈≈≈≈...P
...†......†......................
#######...#######....#........###


You could see 2 gnolls.

Vanquished Creatures
  Grinder (D:3)
  An orc warrior (D:7)
  A sky beast (D:5)
  8 ogres
  A gnoll sergeant (D:6)
  2 scorpions
  4 killer bees (D:7)
  4 wights (D:7)
  A centaur zombie (D:5)
  2 hounds (D:4)
  A jelly (D:7)
  A centaur skeleton (D:7)
  4 gnoll shamans (D:6)
  3 orc priests
  2 orc wizards
  Crazy Yiuf (D:4)
  A bullfrog skeleton (D:4)
  An iguana (D:7)
  3 worker ants
  A worker ant zombie (D:7)
  23 gnolls (D:6)
  5 adders
  3 shadow imps
  An ufetubus (D:5)
  An ooze (D:4)
  2 adder zombies
  3 leopard geckos
  11 orcs
  7 bats
  2 giant cockroaches
  4 goblins (D:1)
  4 hobgoblins
  24 jackals
  4 quokkas
  3 ball pythons
  3 frilled lizards
  4 kobolds
  6 rats
153 creatures vanquished.

Notes
Turn   | Place    | Note
-------+----------+-------------------------------------------
     0 | D:1      | Borgoz the Ghoul Gladiator began the quest for the Orb.
     0 | D:1      | Reached XP level 1. HP: 17/17 MP: 0/0
   182 | D:1      | Reached XP level 2. HP: 25/25 MP: 1/1
   579 | D:2      | Reached XP level 3. HP: 24/30 MP: 2/2
  1158 | D:3      | Lost intelligence.
  1332 | D:3      | Reached XP level 4. HP: 29/38 MP: 3/3
  1552 | D:3      | Noticed Grinder
  1567 | D:3      | Paralysed by Grinder for 5 turns
  1583 | D:3      | Killed Grinder
  1584 | D:3      | Reached skill level 5 in Unarmed Combat
  1584 | D:3      | Reached XP level 5. HP: 32/47 MP: 4/4
  1584 | D:3      | Reached XP level 6. HP: 36/53 MP: 5/5
  1922 | D:4      | Reached skill level 5 in Fighting
  1922 | D:4      | Reached XP level 7. HP: 47/61 MP: 6/6
  1999 | D:4      | Found a runed translucent door.
  2000 | D:4      | Noticed Crazy Yiuf
  2271 | D:4      | Found a bloodstained altar of Trog.
  2500 | D:4      | Found an ornate altar of the Wu Jian Council.
  2501 | D:4      | Found an iron altar of Okawaru.
  2570 | D:4      | Reached skill level 5 in Dodging
  2787 | D:4      | Found a sacrificial altar of Ru.
  2787 | D:4      | Found a stormy altar of Qazlal.
  2870 | D:4      | Killed Crazy Yiuf
  3062 | D:5      | Entered Level 5 of the Dungeon
  3189 | D:5      | Found Toniqaec's Assorted Antiques.
  3198 | D:5      | Reached XP level 8. HP: 64/70 MP: 7/7
  3238 | D:5      | Found Haur's Weapon Shop.
  3658 | D:5      | You fall into a shaft and drop 2 floors!
  4410 | D:7      | Reached XP level 9. HP: 79/79 MP: 8/8
  4765 | D:7      | Found an opulent altar of Gozag.
  4980 | D:7      | Found a staircase to the Ecumenical Temple.
  5070 | Temple   | Entered the Ecumenical Temple
  5661 | D:6      | Slain by a gnoll

Illustrated notes

Levels and vault maps discovered:
D:1:      grunt_arrival_lava_bath, layout_rooms, minmay_stone_trees_small,
          skrybe_limestone_x
D:2:      layout_loops_ring
D:3:      layout_basic, uniq_grinder
D:4:      layout_loops_cross, nicolae_overflow_crystal_walls,
          nicolae_overflow_hidden_temple, uniq_crazy_yiuf_cottage
D:5:      layout_loops_corners, basic_altar, serial_shops, shop, shop,
          minmay_misc_feat_cross
D:6:      lemuel_castle_with_subvaults [lemuel_castle_interior_carwin_2],
          layout_layer_cave
D:7:      minmay_general_purpose_star, layout_rooms,
          lemuel_coloured_pillars_altar, temple_doors_ab, uniq_joseph
Temple:   eino_temple_rhombus

Skill      XL: |  1  2  3  4  5  6  7  8  9 |
---------------+----------------------------+-----
Dodging        | 3 4 5 6 7 |  7.2
Fighting       | 3 4 5 6 7 8 |  8.3
Unarmed Combat | 4 5 6 7 8 |  8.7
Throwing       | |  1.7

Action                   |  1- 3 |  4- 6 |  7- 9 || total
-------------------------+-------+-------+-------++-------
Melee: Unarmed           |    94 |    77 |   438 ||   609
       Punch             |     1 |     2 |    15 ||    18
Throw: Throwing net      |       |     2 |     1 ||     3
  Use: Scroll            |     3 |     1 |     6 ||    10
       Potion            |       |     6 |     6 ||    12
 Stab: Held in net/web   |       |     2 |     1 ||     3
       Invisible         |       |       |     4 ||     4
       Sleeping          |       |       |     2 ||     2
Armor: Leather armour    |    33 |    18 |   108 ||   159
Dodge: Dodged            |    77 |    48 |   347 ||   472

Table legend: (Time is in decaauts)
 A = Elapsed time spent in this place.
 B = Non-inter-level travel time spent in this place.
 C = Inter-level travel time spent in this place.
 D = Time resting spent in this place.
 E = Time spent auto-exploring this place.
 F = Levels seen in this place.
 G = Mean time per level.
                   A        B        C        D        E       F      G
               +--------+--------+--------+--------+--------+-----+--------+
         Total |   5662 |   5379 |    283 |    533 |   3768 |   8 |  707.8 |
       Dungeon |   5529 |   5264 |    265 |    533 |   3653 |   7 |  789.9 |
        Temple |    133 |    115 |     18 |      0 |    115 |   1 |  133.0 |
               +--------+--------+--------+--------+--------+-----+--------+

Top non-repeatable levels by time:
     D:7: 1449 daAuts
     D:4: 1221 daAuts
     D:3: 768 daAuts
     D:5: 587 daAuts
     D:2: 575 daAuts
     D:1: 548 daAuts
     D:6: 378 daAuts
  Temple: 133 daAuts
